 Dungeon Crawl Stone Soup version 0.24-a0-106-gcea5463b43 (webtiles) character file.

Game seed: 13154078295160941036

266 Kaname the Conjurer (level 6, 41/41 HPs)
             Began as a Demonspawn Wizard on Feb 13, 2019.
             Quit the game on level 3 of the Dungeon.
             The game lasted 00:11:20 (2597 turns).

Kaname the Conjurer (Demonspawn Wizard)             Turns: 2597, Time: 00:11:20

Health: 41/41      AC:  6    Str:  7    XL:     6   Next: 0%
Magic:  7/10       EV: 12    Int: 22    God:
Gold:   139        SH:  0    Dex: 11    Spells: 5/11 levels left

rFire    + . .     SeeInvis .   g - +0 spear
rCold    + . .     Gourm    .   (no shield)
rNeg     . . .     Faith    .   e - +2 robe {rC+}
rPois    .         Spirit   .   b - +0 hat
rElec    .         Reflect  .   j - +1 cloak
rCorr    .         Harm     .   (no gloves)
MR       .....                  (no boots)
Stlth    +++.......             (no amulet)
HPRegen  0.13/turn              o - ring of protection from fire
MPRegen  0.12/turn              (no ring)

@: no status effects
A: claws 1, nightstalker 1
a: no special abilities


You were on level 3 of the Dungeon.
You were very hungry.

You visited 1 branch of the dungeon, and saw 3 of its levels.

You collected 139 gold pieces.

Inventory:

Hand Weapons
 g - a +0 spear (weapon)
Armour
 b - a +0 hat (worn)
 e - a +2 robe of cold resistance (worn)
 i - a +2 leather armour of magic resistance
 j - a +1 cloak (worn)
Jewellery
 o - a ring of protection from fire (left claw)
Scrolls
 a - a scroll of amnesia {unknown}
 f - 3 scrolls of fog
 k - a scroll of enchant weapon
 l - a scroll of teleportation
 n - 5 scrolls of remove curse
Comestibles
 d - 6 rations


   Skills:
 - Level 1.7 Dodging
 - Level 1.7 Stealth
 - Level 3.0 Spellcasting
 + Level 6.0 Conjurations
   Level 1.0 Summonings
 - Level 0.8 Translocations


You had 5 spell levels left.
You knew the following spells:

 Your Spells              Type           Power        Failure   Level  Hunger
a - Magic Dart            Conj           ####         1%          1    None
b - Blink                 Tloc           N/A          13%         2    ##.....
c - Mephitic Cloud        Conj/Pois/Air  ##......     16%         3    ###....

Your spell library contained the following spells:

 Spells                   Type           Power        Failure   Level  Hunger
 Conjure Flame            Conj/Fire      ###.....     11%         3    ###....
 Call Imp                 Summ           #.......     12%         2    ##.....
 Slow                     Hex            #.......     19%         2    ##.....


Dungeon Overview and Level Annotations

Branches:
Dungeon (3/15)

Altars:
Trog


Innate Abilities, Weirdness & Mutations

You have sharp fingernails.
You are slightly more attuned to the shadows.


Message History

Casting: Magic Dart (safe; 1% risk of failure)
Confirm with . or Enter, or press ? or * to list all spells.
Aiming: Magic Dart (safe; 1% risk of failure)
Press: ? - help, Shift-Dir - straight line, f/p - hobgoblin
Aim: a hobgoblin, wielding a +0 club (almost dead)
The magic dart hits the hobgoblin.
You kill the hobgoblin!
You have reached level 6!
Your experience leads to an increase in your attributes!
Increase (S)trength, (I)ntelligence, or (D)exterity?
You feel clever.
You feel monstrous as your demonic heritage exerts itself.
Your demonic ancestry asserts itself...
Your fingernails lengthen.
Quiver which item? (- for none, * to show all) (? for menu, Esc to quit)
You don't have any such object.
Quiver which item? (- for none, * to show all) (? for menu, Esc to quit)
Okay, then.
Unknown command.
Are you sure you want to abandon this character and quit the game? (Confirm with "yes".)

...#.#.######.......###
#.#..#.................
.#...#.........#.#####
###.##.#######.#.#
.......# #.#.# #.#.##.#
#####.#.# ...###.#
........# #.## #.#
.#.###.######. #.#
#.@...).. #.# #.######.
..# .# ...# ######..
#..## ###..... ....
.....##########
#.(..........#
#....#######.# #...##
#.#


There were no monsters in sight!

Vanquished Creatures
  Sigmund (D:2)
  An iguana (D:2)
  2 adders
  A worm (D:1)
  A dart slug (D:2)
  A leopard gecko (D:1)
  An orc (D:3)
  A giant cockroach (D:2)
  5 goblins
  11 hobgoblins
  A quokka (D:2)
  2 bats (D:1)
  A frilled lizard (D:1)
  11 kobolds
  8 rats
48 creatures vanquished.

Notes
Turn   | Place    | Note
-------+----------+-------------------------------------------
     0 | D:1      | Kaname the Demonspawn Wizard began the quest for the Orb.
     0 | D:1      | Reached XP level 1. HP: 13/13 MP: 4/4
   301 | D:1      | Reached skill level 2 in Conjurations
   323 | D:1      | Gained mutation: You are slightly more attuned to the
                  | shadows. [demonic ancestry]
   323 | D:1      | Reached XP level 2. HP: 19/19 MP: 0/6
   863 | D:1      | Reached skill level 3 in Conjurations
   863 | D:1      | Reached XP level 3. HP: 15/24 MP: 0/7
  1235 | D:2      | Learned a level 2 spell: Blink
  1239 | D:2      | Learned a level 3 spell: Mephitic Cloud
  1373 | D:2      | Noticed Sigmund
  1535 | D:2      | Reached skill level 4 in Conjurations
  1535 | D:2      | Reached XP level 4. HP: 17/30 MP: 8/8
  1804 | D:2      | Found a bloodstained altar of Trog.
  1999 | D:2      | Killed Sigmund
  1999 | D:2      | Reached skill level 5 in Conjurations
  1999 | D:2      | Reached XP level 5. HP: 13/35 MP: 0/9
  2337 | D:2      | Reached skill level 6 in Conjurations
  2596 | D:3      | Gained mutation: You have sharp fingernails. [demonic
                  | ancestry]
  2596 | D:3      | Reached XP level 6. HP: 41/41 MP: 7/10
  2597 | D:3      | Quit the game

Levels and vault maps discovered:
D:1:      dpeg_arrival_brainrot, layout_rooms
D:2:      wad_pebble_path, layout_basic, lemuel_doored_altar, first_ration,
          uniq_sigmund
D:3:      layout_loops_ring, minmay_misc_feat_four_crosses,
          hangedman_glass_teeth, grunt_decor_cap

Skill      XL: |  1  2  3  4  5 |
---------------+----------------+-----
Conjurations   | 2 3 4 5 6 |  6.0
Dodging        | |  1.7
Stealth        | |  1.7
Spellcasting   | |  3.0
Summonings     | |  1.0
Translocations | |  0.8

Action                   |  1- 3 |  4- 6 || total
-------------------------+-------+-------++-------
Melee: Spear             |    88 |    39 ||   127
 Cast: Magic Dart        |    68 |    36 ||   104
       Mephitic Cloud    |     1 |       ||     1
  Use: Potion            |       |     4 ||     4
       Scroll            |       |     4 ||     4
 Stab: Sleeping          |       |     2 ||     2
  Eat: Chunk             |     1 |     3 ||     4
Armor: Robe              |    27 |    10 ||    37
       Skin              |       |    22 ||    22
Dodge: Dodged            |    58 |    12 ||    70

Table legend:
 A = Non-vault XP
 B = Vault XP
 C = Vault XP percentage of total XP
 D = Non-vault monster count
 E = Vault monster count
 F = Vault count percentage of total count
                 A         B        C        D         E       F
            +---------+---------+-------+---------+---------+-------
      Total |     137 |     243 |  63.9 |      46 |       2 |   4.2
            +---------+---------+-------+---------+---------+-------
        D:1 |      38 |       5 |  11.6 |      25 |       1 |   3.8
        D:2 |      80 |     238 |  74.8 |      18 |       1 |   5.3
        D:3 |      19 |       0 |   0.0 |       3 |       0 |   0.0
            +---------+---------+-------+---------+---------+-------
